 Dungeon Crawl Stone Soup version 0.27-a0-279-gdfb9265905 (webtiles) character file.

Game seed: 1179160759199820485

17746 assasa the Blocker (level 12, -1/104 HPs)
             Began as a Minotaur Fighter on Feb 7, 2021.
             Was a High Priest of Okawaru.
             Slain by Snorg (4 damage)
             ... on level 12 of the Dungeon.
             The game lasted 00:15:00 (17409 turns).

assasa the Blocker (Minotaur Fighter)              Turns: 17409, Time: 00:15:01

Health: -1/104     AC: 17    Str: 31    XL:     12   Next: 21%
Magic:  15/15      EV: 13    Int:  8    God:    Okawaru [*****.]
Gold:   859        SH: 10    Dex: 11    Spells: 11/11 levels left

rFire    . . .     SeeInvis .   I - +0 morningstar
rCold    . . .     Faith    .   f - +3 buckler of the Eternal Fruit {*Drain Will+ Str+6 Int+3}
rNeg     . . .     Spirit   .   b - +0 scale mail
rPois    +         Reflect  .   E - +0 hat
rElec    .         Harm     .   (no cloak)
rCorr    .         Rampage  .   y - +0 pair of gloves
Will     +....                  F - +2 pair of boots
Stlth    ..........             (no amulet)
HPRegen  0.27/turn              r - +4 ring of protection
MPRegen  0.14/turn              s - ring of poison resistance

@: no status effects
A: retaliatory headbutt, horns 2
a: Renounce Religion, Heroism, Finesse


You were on level 12 of the Dungeon.
You worshipped Okawaru.
Okawaru was extremely pleased with you.
You visited 2 branches of the dungeon, and saw 13 of its levels.

You collected 1153 gold pieces.
You spent 294 gold pieces at shops.

Inventory:

Hand Weapons
 a - a +0 flail
 I - a +0 morningstar (weapon)
Armour
 b - a +0 scale mail (worn)
 c - a +0 kite shield
 f - the +3 buckler of the Eternal Fruit (worn) {*Drain Will+ Str+6 Int+3}
   (Okawaru gifted it to you on level 11 of the Dungeon)

   It affects your strength (+6).
   It affects your intelligence (+3).
   It affects your willpower, your defense against some magical effects.
   It causes draining when unequipped.
 y - a +0 pair of gloves (worn)
 E - a +0 hat (worn)
 F - a +2 pair of boots (worn)
Jewellery
 r - a +4 ring of protection (left hand)
 s - a ring of poison resistance (right hand)
Wands
 i - a wand of flame (5)
 x - a wand of iceblast (7)
 z - a wand of polymorph (17)
 A - a wand of paralysis (7)
 H - a wand of charming (9)
Scrolls
 e - 10 scrolls of teleportation
 j - a scroll of enchant armour
 k - a scroll of fear
 m - 4 scrolls of magic mapping
 o - 2 scrolls of amnesia
 p - 4 scrolls of fog
 u - 6 scrolls of remove curse
 v - a scroll of enchant weapon
 C - 2 scrolls of identify
 D - a scroll of noise {unknown}
Potions
 d - 2 potions of degeneration {unknown}
 g - a potion of curing {unknown}
 h - a potion of resistance {unknown}
 l - a potion of mutation {unknown}
 n - 2 potions of haste
 q - 3 potions of lignification
 t - 2 potions of ambrosia {unknown}
 w - a potion of attraction {unknown}
 B - 2 potions of brilliance {unknown}


   Skills:
 + Level 9.2 Fighting
 + Level 12.3 Maces & Flails
 + Level 9.4 Armour
 + Level 5.5 Dodging
 * Level 13.7 Shields
 * Level 6.5 Invocations


You had 11 spell levels left.
You didn't know any spells.
Your spell library contained the following spells:

 Spells                   Type           Power        Failure   Level
 Animate Skeleton         Necr           0%           61%         1
 Apportation              Tloc           0%           61%         1
 Beastly Appendage        Tmut           0%           61%         1
 Corona                   Hex            0%           61%         1
 Sandblast                Erth           0%           61%         1
 Summon Small Mammal      Summ           0%           61%         1
 Call Imp                 Summ           0%           75%         2
 Passwall                 Tmut/Erth      0%           75%         2
 Wereblood                Tmut           0%           75%         2
 Call Canine Familiar     Summ           0%           93%         3
 Confusing Touch          Hex            0%           93%         3
 Gell's Gravitas          Tloc           0%           93%         3
 Spider Form              Tmut/Pois      0%           93%         3
 Stone Arrow              Conj/Erth      0%           93%         3
 Summon Guardian Golem    Hex/Summ       0%           93%         3
 Ice Form                 Ice/Tmut       0%           100%        4
 Petrify                  Tmut/Erth      0%           100%        4
 Summon Ice Beast         Ice/Summ       0%           100%        4
 Summon Lightning Spire   Summ/Air       0%           100%        4
 Blade Hands              Tmut           0%           100%        5
 Lee's Rapid Deconstruct  Erth           0%           100%        5
 Metabolic Englaciation   Hex/Ice        0%           100%        5
 Yara's Violent Unravell  Hex/Tmut       0%           100%        5


Dungeon Overview and Level Annotations

Branches:
Dungeon (12/15)            Temple (1/1) D:5            Lair (0/6) D:9
    Orc (0/2) D:11

Altars:
Cheibriados
Dithmenos
Fedhas
Gozag
Hepliaklqana
Makhleb
Okawaru
Qazlal
Ru
Sif Muna
Trog
Vehumet
Yredelemnul
The Shining One

Shops:
D:5 *   D:10 ?   D:11 *?[=?

Portals:
Trove: D:11 (give +3 gold dragon scales)

Annotations:
D:10 2 transporters, Wixt's ghost, novice DrTm
D:12 Snorg


Innate Abilities, Weirdness & Mutations

You reflexively headbutt those who attack you in melee.
You have a pair of horns on your head.


Message History

You are too injured to fight recklessly!
You are too injured to fight recklessly!
You are too injured to fight recklessly!
You puncture Snorg!
Snorg is severely wounded.
Snorg misses you. You furiously retaliate!
You headbutt Snorg. You block Snorg's attack. Snorg claws you!
You sock Snorg! Your headbutt misses Snorg.
Snorg is severely wounded.
Snorg bites you!
* * * LOW HITPOINT WARNING * * *
Snorg closely misses you. Snorg misses you. Snorg bites you!
* * * LOW HITPOINT WARNING * * *
You block Snorg's attack. Snorg claws you but does no damage.
Okay, then.
Okay, then.
You block Snorg's attack. Snorg claws you!
* * * LOW HITPOINT WARNING * * *
Snorg claws you.
You die...

...................)....#####
########.......(........#
#...###.#........#
#....##.#.##...###
#.####..<....#.##...#
#..........###.##...#
#####......###.##...# #
#.'.......##.##...# #.#
#.#....)..##@######### #.#
#.##.........T........ ..#
#.##.........#........ ..#
#.####.......#.###.### ..#
#.# #.......#.# ..# #.#
######..#.# ..###.# ##.#..
......# #>#.# ..##### ###.#


You could see Snorg (berserk).

Vanquished Creatures
  A hydra (D:12)
  A centaur warrior (D:10)
  A two-headed ogre (D:10)
  3 skeletal warriors (D:11)
  An unseen horror (D:11)
  Pikel (D:6)
  2 ugly things (D:11)
  A centaur skeleton (D:12)
  3 trolls
  4 slime creatures (D:12)
  12 yaks
  A wraith (D:11)
  2 vampire mosquitoes (D:12)
  A steam dragon (D:9)
  2 basilisks (D:9)
  Edmund (D:3)
  A soldier ant (D:12)
  5 water moccasins
  6 sky beasts
  5 black bears
  4 orc warriors
  An ice beast (Temple)
  A necrophage (D:6)
  8 ogres
  A wolf (D:10)
  6 centaurs
  4 phantoms
  7 bullfrogs
  A wyvern zombie (D:11)
  2 scorpions
  6 killer bees (D:10)
  25 wights
  A howler monkey (D:5)
  A lava snake (D:9)
  A bullfrog zombie (D:12)
  7 hounds
  6 jellies
  5 centaur zombies
  A gnoll shaman (D:8)
  7 orc priests
  A bullfrog skeleton (D:12)
  6 iguanas
  10 orc wizards
  6 worker ants
  A killer bee zombie (D:9)
  A hound zombie (D:6)
  2 worker ant zombies
  16 adders
  6 gnolls
  2 shadow imps
  5 white imps
  An ooze (D:2)
  An adder zombie (D:7)
  2 worms (D:3)
  11 leopard geckos
  43 orcs
  10 bats
  7 giant cockroaches
  8 goblins
  5 hobgoblins
  5 jackals
  8 kobolds
  4 quokkas
  2 ball pythons
  11 frilled lizards
  A leopard gecko zombie (D:7)
  A quokka skeleton (D:9)
  10 rats
335 creatures vanquished.

Vanquished Creatures (others)
  A wolf (D:9)
  A fungus (D:9)
  15 plants (D:9)
  4 toadstools (D:6)
21 creatures vanquished.

Grand Total: 356 creatures vanquished

Notes
Turn   | Place    | Note
-------+----------+-------------------------------------------
     0 | D:1      | assasa the Minotaur Fighter began the quest for the Orb.
     0 | D:1      | Reached XP level 1. HP: 19/19 MP: 0/0
   104 | D:1      | Reached XP level 2. HP: 25/27 MP: 1/1
   267 | D:1      | Reached skill level 4 in Shields
   508 | D:1      | Reached XP level 3. HP: 30/33 MP: 2/2
  1299 | D:2      | Reached XP level 4. HP: 40/40 MP: 3/3
  1405 | D:2      | Found a blossoming altar of Fedhas.
  2320 | D:3      | Reached skill level 1 in Dodging
  2771 | D:3      | Reached XP level 5. HP: 38/47 MP: 4/4
  3064 | D:3      | Reached skill level 5 in Shields
  3629 | D:4      | Noticed Edmund
  3827 | D:3      | Killed Edmund
  3828 | D:3      | Reached XP level 6. HP: 24/53 MP: 5/5
  4371 | D:4      | Reached skill level 5 in Maces & Flails
  4396 | D:4      | Reached skill level 6 in Shields
  4579 | D:4      | Reached skill level 5 in Armour
  4737 | D:4      | Found a stormy altar of Qazlal.
  4846 | D:5      | Entered Level 5 of the Dungeon
  4868 | D:5      | Reached XP level 7. HP: 37/60 MP: 6/6
  4884 | D:5      | Found Laclik's Assorted Antiques.
  5453 | D:5      | Found a staircase to the Ecumenical Temple.
  5463 | Temple   | Entered the Ecumenical Temple
  5479 | Temple   | Became a worshipper of Warmaster Okawaru
  5815 | D:5      | HP: 1/60 [something (6)]
  5981 | D:5      | Reached skill level 5 in Fighting
  6284 | D:5      | Reached skill level 7 in Shields
  6546 | D:6      | Found an opulent altar of Gozag.
  6562 | D:6      | Noticed Pikel
  6581 | D:6      | Paralysed by Pikel for 2 turns
  6587 | D:6      | Paralysed by Pikel for 6 turns
  6594 | D:6      | Killed Pikel
  6595 | D:6      | Reached XP level 8. HP: 32/70 MP: 7/7
  6812 | D:6      | Reached * piety under Okawaru
  6980 | D:6      | HP: 3/70 [orc warrior/+0 scimitar (1)]
  7404 | D:6      | Reached skill level 8 in Shields
  7882 | D:6      | Reached XP level 9. HP: 63/75 MP: 8/8
  8198 | D:7      | Reached skill level 1 in Invocations
  8507 | D:7      | Reached ** piety under Okawaru
  8827 | D:7      | Reached skill level 9 in Shields
  9621 | D:8      | Found a hazy altar of Hepliaklqana.
  9990 | D:8      | Found a bloodstained altar of Trog.
  9994 | D:8      | Found a snail-covered altar of Cheibriados.
  9999 | D:8      | Found a radiant altar of Vehumet.
 10138 | D:9      | Reached *** piety under Okawaru
 10171 | D:9      | Found a bloodstained altar of Trog.
 10194 | D:9      | Reached skill level 10 in Shields
 10350 | D:9      | Reached XP level 10. HP: 55/84 MP: 11/11
 10374 | D:10     | Entered Level 10 of the Dungeon
 10874 | D:10     | Noticed a two-headed ogre
 10886 | D:10     | Killed a two-headed ogre
 11355 | D:10     | Identified the +8 great mace "Concordance" {antimagic, rN+}
 11355 | D:10     | Noticed a tengu warrior
 11355 | D:10     | Noticed a moth of wrath
 11392 | D:9      | Found a staircase to the Lair.
 11415 | D:9      | Reached **** piety under Okawaru
 11447 | D:9      | Reached skill level 10 in Maces & Flails
 11447 | D:9      | Reached skill level 11 in Shields
 12979 | D:10     | Noticed a centaur warrior
 12994 | D:10     | Killed a centaur warrior
 13223 | D:10     | Found a transporter.
 13223 | D:10     | Found a transporter.
 13226 | D:10     | Noticed Wixt's ghost (novice DrTm)
 13242 | D:10     | Found a bloodstained altar of Trog.
 13242 | D:10     | Noticed a deep troll
 13275 | D:10     | Reached XP level 11. HP: 92/94 MP: 13/13
 13666 | D:10     | Reached skill level 12 in Shields
 13675 | D:10     | Reached ***** piety under Okawaru
 13694 | D:10     | Reached skill level 5 in Invocations
 14120 | D:10     | Found Anisempu's Magic Scroll Boutique.
 14225 | D:11     | Found Otarya's Antique Armour Shop.
 14242 | D:11     | Bought an ichor-stained ring mail for 261 gold pieces
 14252 | D:11     | Identified the +1 ring mail of Zuag {Str+2} (You bought it
                  | in a shop on level 11 of the Dungeon)
 14269 | D:11     | Found a staircase to the Orcish Mines.
 14542 | D:11     | Noticed a white ugly thing
 14559 | D:11     | Killed a white ugly thing
 14711 | D:11     | Noticed a skeletal warrior
 14712 | D:11     | Noticed a skeletal warrior
 14750 | D:11     | Killed a skeletal warrior
 14755 | D:11     | Killed a skeletal warrior
 15016 | D:11     | Killed an unseen horror
 15017 | D:11     | Reached skill level 5 in Dodging
 15101 | D:11     | Found Ystauruen's Magic Scroll Boutique.
 15101 | D:11     | Noticed a purple ugly thing
 15101 | D:11     | Noticed a skeletal warrior
 15152 | D:11     | Killed a purple ugly thing
 15195 | D:11     | Killed a skeletal warrior
 15384 | D:11     | Bought a scroll of teleportation for 33 gold pieces
 15557 | D:11     | Found Fabin's Jewellery Emporium.
 15581 | D:11     | Received a gift from Okawaru
 15589 | D:11     | Got a pitted buckler {god gift}
 15599 | D:11     | Identified the +3 buckler of the Eternal Fruit {*Drain
                  | Will+ Str+6 Int+3} (Okawaru gifted it to you on level 11 of
                  | the Dungeon)
 15743 | D:11     | Reached skill level 13 in Shields
 15894 | D:11     | Found Heirir Dua's Assorted Antiques.
 15901 | D:11     | Found Qeatoud's Magic Scroll Shoppe.
 16062 | D:11     | Found a portal to a secret trove of treasure.
 16430 | D:12     | Reached XP level 12. HP: 82/104 MP: 15/15
 16655 | D:12     | Noticed Snorg
 16701 | D:12     | Noticed a seven-headed hydra
 17190 | D:12     | Killed a seven-headed hydra
 17409 | D:12     | HP: 3/104 [Snorg (8)]
 17409 | D:12     | Slain by Snorg

Illustrated notes

Levels and vault maps discovered:
D:1:      grunt_arrival_crossed_arrows, layout_rooms, serial_park_tiny_pond
D:2:      minmay_wonky_spiral, layout_basic, fedhas_altar_4
D:3:      layout_basic, minmay_circle_x
D:4:      layout_basic, nicolae_qazlal_eye_of_the_storm, uniq_edmund
D:5:      layout_basic, minmay_temple_entry_mist, serial_shops,
          nicolae_shop_statue_plus
D:6:      layout_loops_corners, minmay_gold_behind_fungi, minivault_27,
          grunt_gozag_statues, uniq_pikel
D:7:      layout_rooms
D:8:      layout_loops_ring, grunt_temple_overflow_diamond,
          nzn_hepliaklqana_mist_gate, kennysheep_generic_room_15
D:9:      minmay_skewed_foursquare, layout_basic, minmay_lair_entry_grove,
          basic_altar, minivault_24, kennysheep_dice
D:10:     cheibrodos_iron_armory, layout_basic,
          gammafunk_ghost_wrathful_warriors, serial_shops, shop_scrolls
D:11:     layout_long_grid, david_orc_3, enter_trove_6, serial_shops, shop,
          shop, shop, shop_coins, shop
D:12:     minmay_the_grid_square_5x5_3x3
          [minmay_the_grid_square_5x5_fancy_junction,
          minmay_the_grid_square_5x5_hourglass,
          minmay_the_grid_square_5x5_checkered,
          minmay_the_grid_square_5x5_fat_x,
          minmay_the_grid_square_5x5_megaprize_hollow,
          minmay_the_grid_square_5x5_mess, minmay_the_grid_square_5x5_corner,
          minmay_the_grid_square_5x5_eight_small, minmay_the_grid_square_5x5_z],
          layout_basic, uniq_snorg
Temple:   eino_narrow_crystal_temple

Skill      XL: |  1  2  3  4  5  6  7  8  9 10 11 |
---------------+----------------------------------+-----
Fighting       | 4 5 6 7 9 |  9.2
Shields        | 4 5 6 7 8 10 11 13 | 13.7
Armour         | 4 5 6 7 8 9 |  9.4
Maces & Flails | 3 4 5 7 8 9 10 12 | 12.3
Dodging        | 1 2 3 4 5 |  5.5
Invocations    | 3 4 6 |  6.5

Action                   |  1- 3 |  4- 6 |  7- 9 | 10-12 || total
-------------------------+-------+-------+-------+-------++-------
Melee: Flail             |    94 |   162 |   386 |   480 ||  1122
       Headbutt          |     9 |    17 |    76 |   159 ||   261
       Morningstar       |       |       |       |   209 ||   209
Invok: Heroism           |       |       |       |     1 ||     1
       Finesse           |       |       |       |     1 ||     1
  Use: Potion            |       |     1 |     2 |       ||     3
       Scroll            |       |       |     4 |    13 ||    17
Armor: Scale mail        |    56 |    64 |   161 |   251 ||   532
Dodge: Dodged            |    43 |    63 |   123 |   241 ||   470
Block: Kite shield       |    52 |   117 |   212 |   290 ||   671
       Buckler           |       |       |       |   122 ||   122

Table legend: (Time is in decaauts)
 A = Elapsed time spent in this place.
 B = Non-inter-level travel time spent in this place.
 C = Inter-level travel time spent in this place.
 D = Time resting spent in this place.
 E = Time spent auto-exploring this place.
 F = Levels seen in this place.
 G = Mean time per level.
                   A        B        C        D        E       F      G
               +--------+--------+--------+--------+--------+-----+--------+
         Total |  17526 |  17059 |    467 |   2180 |  11952 |  13 | 1348.2 |
       Dungeon |  17257 |  16796 |    461 |   1941 |  11952 |  12 | 1438.1 |
        Temple |    269 |    263 |      6 |    239 |      0 |   1 |  269.0 |
               +--------+--------+--------+--------+--------+-----+--------+

Top non-repeatable levels by time:
    D:10: 2355 daAuts
    D:11: 1919 daAuts
     D:2: 1873 daAuts
     D:9: 1776 daAuts
     D:6: 1723 daAuts
     D:5: 1346 daAuts
     D:3: 1337 daAuts
    D:12: 1190 daAuts
     D:4: 1112 daAuts
     D:8: 1092 daAuts
     D:7: 879 daAuts
     D:1: 649 daAuts
  Temple: 269 daAuts
